cohdb
Replays
Latest Replays
All Replays
Popular Replays
Top Player Replays
Match Explorer
How It Works
Community
CoH3 Stats
Reddit
Sign in to upload your games and track your stats! →
Sign in with Steam
Match 19817331
Unlisted
Match 19817331
Overview
Messages
Build Orders
End
Kradschützen Motorcycle Team
Panzergrenadier Squad
250 Light Carrier
Panzergrenadier Squad
Construct Light Support Kompanie
Selects Italian Infantry
Selects Guastatori Squad
Selects L6/40 Light Tank Combat Group
L6/40 Light Tank Combat Group
Fire Support Elements
Guastatori Squad
2.5-tonne Medical Truck
Selects Defensive Operations
Construct Panzerarmee Kommand
Selects Prepared Positions
Selects Obice 305mm Barrage
Panzer III L Medium Tank
Vehicle Survival Package
Armored Reserves
Selects Towed Cannone da 105/28 Field Howitzer
Pigeon Master MOD VI.A
PlumApollo
Chimney Sweeper
MonoChrome
0
0
Comments
sign in to comment!
No comments posted yet!